 Dungeon Crawl Stone Soup version 0.18-a0-1164-g7046a04 (console) character file.

42 FIQ the Charlatan (level 3, -4/31 HPs)
             Began as a Deep Dwarf Artificer on Jan 25, 2016.
             Slain by an orc
             ... wielding a +0 trident
              (5 damage)
             ... on level 3 of the Dungeon.
             The game lasted 00:01:06 (186 turns).

FIQ the Charlatan (Deep Dwarf Artificer)             Turns: 186, Time: 00:01:06

Health: -4/31      AC:  4    Str: 14    XL:     3   Next: 35%
Magic:  6/6        EV: 12    Int: 12    God:
Gold:   0          SH:  0    Dex: 14    Spells: 0 memorised, 2 levels left

rFire  . . .     SeeInvis .     a - +0 short sword
rCold  . . .     Gourm    .     b - +0 leather armour
rNeg   . . .     Faith    .     (no shield)
rPois  .         Spirit   .     (no helmet)
rElec  .         Dismiss  .     (no cloak)
rCorr  .         Reflect  .     (no gloves)
SustAt .         Harm     .     k - +0 pair of boots
MR     .....                    (no amulet)
Stlth  ++........               (no ring)
                                (no ring)

@: non-regenerating, not resistant to hostile enchantments, unstealthy
A: damage resistance, recharge devices, sense surroundings 1, slow regeneration
3
a: Device Recharging


You were on level 3 of the Dungeon.
You were not hungry.

You visited 1 branch of the dungeon, and saw 3 of its levels.

Inventory:

Hand Weapons
 a - a +0 short sword (weapon)
Armour
 b - a +0 leather armour (worn)
 k - a +0 pair of boots (worn)
Wands
 c - a wand of flame (12/48)
 d - a wand of enslavement (15/24)
 e - a wand of random effects (15/48)
 f - a wand of heal wounds (4/9)
Scrolls
 h - a scroll of recharging {unknown}
 i - a scroll of identify {unknown}
 l - a scroll of enchant weapon {unknown}
 m - a scroll of teleportation {unknown}
Comestibles
 g - a bread ration
 j - 9 chunks of flesh


   Skills:
 + Level 1.6 Fighting
 + Level 1.5 Short Blades
 + Level 2.8 Dodging
 - Level 1.2 Stealth
 + Level 4.6 Evocations


You had 2 spell levels left.
You didn't know any spells.

Dungeon Overview and Level Annotations

Branches:
Dungeon (3/15)

Altars:


Innate Abilities, Weirdness & Mutations

You are resistant to damage.
You can recharge devices by infusing magical energy.
You passively map a small area around you.
You do not regenerate naturally.


Message History

The orc hits you from afar with a trident!
* * * LOW HITPOINT WARNING * * *
The orc barely misses you. The giant gecko bites you.
The orc hits you with a dagger.
You hit the orc but do no damage.
The orc is lightly wounded.
The orc hits you but does no damage. The orc closely misses you.
The giant gecko barely misses you. The orc barely misses you.
The orc hits you with a dagger.
* * * LOW HITPOINT WARNING * * *
You hit the orc but do no damage.
The orc is lightly wounded.
The orc barely misses you. The giant gecko closely misses you.
The orc hits you but does no damage. x2; The orc hits you with a dagger.
You hit the orc.
The orc is moderately wounded.
The giant gecko misses you. The orc hits you but does no damage.
The orc barely misses you. The orc hits you but does no damage.
The orc hits you with a dagger. The giant gecko misses you.
The orc barely misses you.
You hit the orc.
The orc is heavily wounded.
The orc barely misses you.
The orc hits you from afar with a trident.
You die...

* ##### .# , ###*....###
#.#* , #.. ......#*#.# ,
* #.##.##.#.# ... ,
#.#..##.#.# #.###* *
#.#.###.#.# #... ,
###.......#.###.## * * ,
.................#####.#
,* *
#####.#####.###?lo....)#
#.# #.# ##@#####. #.#
#.....ooo....# #<#
#######....###* #.#
.##.... #.# .#*,### #.#
.# ### ##


You could see 4 orcs and a giant gecko.

Vanquished Creatures
  An orc wizard (D:3)
  A giant gecko (D:3)
  4 orcs (D:3)
  A goblin (D:3)
  A quokka (D:3)
  A giant newt (D:3)
  A jackal zombie (D:3)
  A rat (D:3)
11 creatures vanquished.

Notes
Turn   | Place    | Note
--------------------------------------------------------------
     0 | D:1      | FIQ the Deep Dwarf Artificer began the quest for the Orb.
     0 | D:1      | Reached XP level 1. HP: 16/16 MP: 3/3
    40 | D:3      | Reached skill level 1 in Fighting
    83 | D:3      | Noticed an orc wizard
    91 | D:3      | Killed an orc wizard
    91 | D:3      | Reached skill level 1 in Short Blades
    91 | D:3      | Reached XP level 2. HP: 6/25 MP: 5/5
    91 | D:3      | Reached XP level 3. HP: 7/31 MP: 6/6
   183 | D:3      | HP: 1/31 [orc/dagger (1)]
   186 | D:3      | Slain by an orc

Vault maps used:
D:1:      dpeg_arrival_fog
D:2:      minivault_25
D:3:      first_bread

Action                   || total
-------------------------++-------
Melee: Short sword       ||    45
Evoke: Wand              ||     4
